 Dungeon Crawl Stone Soup version 0.28-a0-533-g9f97627e2a (webtiles) character file.

Game seed: 18443328488807096601

293 bande the Chopper (level 6, -1/38 HPs)
             Began as a Gargoyle Fighter on Sept 25, 2021.
             Slain by a water moccasin zombie (6 damage)
             ... in an ossuary.
             The game lasted 00:04:34 (3413 turns).

bande the Chopper (Gargoyle Fighter)                Turns: 3413, Time: 00:04:35

Health: -1/38      AC: 16    Str: 21    XL:     6   Next: 33%
Magic:  6/6        EV:  6    Int:  8    God:
Gold:   183        SH:  4    Dex: 10    Spells: 5/5 levels left

rFire   . . .      SeeInvis .   a - +0 war axe
rCold   . . .      Faith    .   c - +0 buckler
rNeg    + . .      Spirit   .   i - +0 plate armour
rPois   ∞          Reflect  .   (no helmet)
rElec   +          Harm     .   (no cloak)
rCorr   .          Rampage  .   (no gloves)
Will    .....                   (no boots)
Stlth   ..........              (no amulet)
HPRegen 0.12/turn               (no ring)
MPRegen 0.10/turn               (no ring)

@: no status effects
A: sickness immunity, AC +4, negative energy resistance 1, electricity
resistance, torment resistance 1, petrification resistance
a: no special abilities


You were in an ossuary.
You visited 1 branch of the dungeon, and saw 4 of its levels.
You also visited: Ossuary.

You collected 183 gold pieces.

Inventory:

Hand Weapons
 a - a +0 war axe (weapon)
 k - a +0 flail
 l - a +0 war axe
Armour
 c - a +0 buckler (worn)
 i - a +0 plate armour (worn)
Jewellery
 g - an amulet of reflection
Scrolls
 j - a scroll of teleportation
 m - a scroll of noise {unknown}
 n - a scroll of holy word {unknown}
Potions
 b - 2 potions of brilliance
 d - a potion of might
 e - a potion of haste
 h - a potion of berserk rage
 o - a potion of mutation


   Skills:
 + Level 4.1 Fighting
 + Level 4.5 Axes
 + Level 4.4 Armour
 + Level 4.0 Shields


You had 5 spell levels left.
You didn't know any spells.
Your spell library contained the following spells:

 Spells                   Type           Power      Damage    Failure   Level
 Animate Skeleton         Necr           0%         N/A       100%        1
 Pain                     Necr           0%         1d4       100%        1
 Vampiric Draining        Necr           0%         2d6       100%        3


Dungeon Overview and Level Annotations

Branches:
Dungeon (4/15)            Ossuary (1/1)
 Temple: D:4-7

Altars:
Vehumet
Xom


Innate Abilities, Weirdness & Mutations

You are immune to sickness and miasma.
Your stone body is resilient. (AC +4)
You are immune to poison.
You resist negative energy. (rN+)
You are resistant to electric shocks. (rElec)
You are resistant to unholy torment.
You are immune to petrification.


Message History

You slash the water moccasin zombie!
You destroy the water moccasin zombie!
You closely miss the water moccasin zombie.
The water moccasin zombie bites you.
You slash the adder zombie!
The adder zombie is almost destroyed.
You barely miss the water moccasin zombie.
The adder zombie bites you but does no damage.
The water moccasin zombie bites you. You block the adder zombie's attack.
The water moccasin zombie barely misses you.
You hit the adder zombie but do no damage.
The adder zombie is almost destroyed.
You hit the water moccasin zombie but do no damage.
The water moccasin zombie bites you.
The adder zombie bites you but does no damage.
You slash the adder zombie!
You destroy the adder zombie!
You completely miss the water moccasin zombie.
The water moccasin zombie bites you but does no damage.
The water moccasin zombie closely misses you.
The water moccasin zombie bites you but does no damage.
You block the water moccasin zombie's attack.
There is an open door here.
The water moccasin zombie barely misses you.
The water moccasin zombie bites you.
* * * LOW HITPOINT WARNING * * *
The water moccasin zombie bites you but does no damage.
The water moccasin zombie bites you but does no damage.
You completely miss the water moccasin zombie.
The water moccasin zombie is lightly damaged.
The water moccasin zombie barely misses you.
You slash the water moccasin zombie!
The water moccasin zombie is moderately damaged.
The water moccasin zombie bites you.
* * * LOW HITPOINT WARNING * * *
You block the water moccasin zombie's attack.
You closely miss the water moccasin zombie.
The water moccasin zombie is moderately damaged.
The water moccasin zombie bites you.
You die...

#∩..#...#!!?!#
#...'.∩.#![$!+
#...#...#?!?!#
#...##### ###
#...# ##'##
#...# #...#
#.@.# #.Z.#
#'### #...#
#...# #...#
#...# #+###


You could see a water moccasin zombie.

Vanquished Creatures
  A scorpion (D:4)
  2 water moccasin zombies (Ossuary)
  A hound (D:4)
  An adder (D:2)
  An adder zombie (Ossuary)
  2 worms (D:3)
  9 orcs
  9 bats
  6 endoplasms
  2 giant cockroaches (D:3)
  A goblin (D:3)
  6 hobgoblins
  8 jackals
  3 quokkas
  8 ball pythons
  2 frilled lizards
  A hobgoblin zombie (Ossuary)
  4 kobolds
  3 kobold zombies (Ossuary)
  6 rats
76 creatures vanquished.

Notes
Turn   | Place    | Note
-------+----------+-------------------------------------------
     0 | D:1      | bande the Gargoyle Fighter began the quest for the Orb.
     0 | D:1      | Reached XP level 1. HP: 14/14 MP: 1/1
   260 | D:1      | Found a faded altar of an unknown god.
   335 | D:1      | Reached XP level 2. HP: 19/19 MP: 2/2
   654 | D:1      | You fall into a shaft and drop 1 floor!
  1249 | D:1      | Reached XP level 3. HP: 22/23 MP: 3/3
  2114 | D:3      | Found a radiant altar of Vehumet.
  2138 | D:3      | Reached XP level 4. HP: 29/29 MP: 4/4
  2578 | D:3      | Found a radiant altar of Vehumet.
  2855 | D:3      | Found a shimmering altar of Xom.
  3290 | D:4      | Reached XP level 5. HP: 29/33 MP: 5/5
  3317 | D:4      | Found a sand-covered staircase.
  3322 | Ossuary  | Entered an ossuary
  3395 | Ossuary  | Reached XP level 6. HP: 24/38 MP: 6/6
  3413 | Ossuary  | Slain by a water moccasin zombie

Illustrated notes

Levels and vault maps discovered:
D:1:      dpeg_arrival_rooms_b, layout_basic, shapermc_ecumenical_altar_venn,
          minmay_octomino_e4
D:2:      layout_loops_corners
D:3:      layout_loops_ring, mainiacjoe_overflow_24_doors,
          nicolae_vehumet_radiance, minivault_25, kennysheep_another_room,
          kennysheep_flooded_box, roderic_lattice_a, kennysheep_generic_room_4
D:4:      kennysheep_goblin_castle, layout_cave_pools, enter_ossuary_2,
          uniq_grinder
Ossuary:  ossuary_tomb_2

Skill      XL: |  1  2  3  4  5 |
---------------+----------------+-----
Axes           | 2 3 4 |  4.5
Armour         | 4 |  4.4
Fighting       | 4 |  4.1
Shields        | 4 |  4.0

Action                   |  1- 3 |  4- 6 || total
-------------------------+-------+-------++-------
Melee: War axe           |   141 |   110 ||   251
  Use: Scroll            |     3 |     3 ||     6
Armor: Scale mail        |    71 |       ||    71
       Plate armour      |    52 |    85 ||   137
Dodge: Dodged            |    76 |    41 ||   117
Block: Buckler           |    31 |    33 ||    64

Table legend: (Time is in decaauts)
 A = Elapsed time spent in this place.
 B = Non-inter-level travel time spent in this place.
 C = Inter-level travel time spent in this place.
 D = Time resting spent in this place.
 E = Time spent auto-exploring this place.
 F = Levels seen in this place.
 G = Mean time per level.
                   A        B        C        D        E       F      G
               +--------+--------+--------+--------+--------+-----+--------+
         Total |   3508 |   3478 |     30 |      0 |   2684 |   5 |  701.6 |
       Dungeon |   3410 |   3380 |     30 |      0 |   2632 |   4 |  852.5 |
       Ossuary |     98 |     98 |      0 |      0 |     52 |   1 |   98.0 |
               +--------+--------+--------+--------+--------+-----+--------+

Top non-repeatable levels by time:
     D:3: 1223 daAuts
     D:2: 1076 daAuts
     D:1: 1069 daAuts
 Ossuary: 98 daAuts
     D:4: 40 daAuts
